 Seeded DCSS version 0.30.1-4-g462c640d31 (webtiles) character file.

Game seed: 6351066067085065685 (custom seed)

0 Esekla the Grave Robber (level 1, 0/10 HPs)
             Began as a Deep Elf Necromancer on Sept 3, 2023.
             Was an Initiate of Vehumet.
             Slain by a kobold
             ... wielding a +1 short sword of freezing
              (2 damage)
             ... on level 4 of the Dungeon.
             The game lasted 00:04:22 (621 turns).

Esekla the Grave Robber (Deep Elf Necromancer)       Turns: 621, Time: 00:04:23

Health: 0/10       AC:  3    Str:  4    XL:     1   Next: 8%
Magic:  6/6        EV: 13    Int: 18    God:    Vehumet [......]
Gold:   66         SH:  0    Dex: 19    Spells: 5/6 levels left

rFire   . . .        c - +0 short sword
rCold   . . .        (no shield)
rNeg    . . .        a - +0 robe
rPois   .            i - +0 helmet
rElec   .            (no cloak)
rCorr   .            (no gloves)
SInv    .            (no boots)
Will    .....        (no amulet)
Stlth   ++           (no ring)
HPRegen 0.21/turn    (no ring)
MPRegen 0.10/turn

%: no passive effects
@: no status effects
A: talons 1, agile 1
a: Renounce Religion


You were on level 4 of the Dungeon.
You worshipped Vehumet.
Vehumet was noncommittal.
You visited 1 branch of the dungeon, and saw 4 of its levels.

You collected 66 gold pieces.

Inventory:

Hand Weapons
 c - a +0 short sword (weapon)
Armour
 a - a +0 robe (worn)
 i - a +0 helmet (worn)
Scrolls
 f - 3 scrolls of identify {unknown}
Potions
 b - a potion of magic
 d - a potion of ambrosia {unknown}
 e - a potion of haste {unknown}
 g - a potion of heal wounds {unknown}
 h - a potion of curing {unknown}


   Skills:
 * Level 2.4 Dodging
 + Level 2.5 Stealth
 * Level 3.0 Spellcasting
 + Level 4.8 Necromancy


You had 5 spell levels left.
You knew the following spells:

 Your Spells              Type           Power      Damage    Failure   Level
a - Necrotise             Necr           80%        1d8       2%          1

Your spell library contained the following spells:

 Spells                   Type           Power      Damage    Failure   Level
 Vampiric Draining        Necr           20%        2d7       7%          3
 Animate Dead             Necr           20%        N/A       22%         4
 Agony                    Necr           20%        N/A       52%         5


Dungeon Overview and Level Annotations

Branches:
Dungeon (4/15)
 Temple: D:4-7

Altars:
Okawaru
Vehumet
Zin

Shops:
D:2 =


Innate Abilities, Weirdness & Mutations

You have sharp toenails.
You are agile. (Dex +4, Str/Int -1)


Message History

Found a leather armour.
Found 13 gold pieces and a rapier.
You see here a +0 helmet.
You can't go down here!
You start putting on your armour.
You continue putting on your +0 helmet. x4
You finish putting on your +0 helmet.
There is an escape hatch in the ceiling here.
Found a lumpy dark potion and 11 gold pieces.
j - a lumpy dark potion You now have 66 gold pieces (gained 11).
You open the door.
There is an open door here.
You open the door.
There is an open door here.
Found a stone staircase leading down.
A kobold comes into view.
It is wielding a +1 short sword of freezing.
The kobold shouts!
The kobold throws a stone.
The stone hits you but does no damage.
The kobold throws a stone.
The stone hits you.
The kobold throws a stone.
The stone closely misses you.
There is an open door here.
There is a radiant altar of Vehumet here.
You kneel at the altar of Vehumet.
Vehumet welcomes you!
You hit the kobold but do no damage.
The kobold hits you with a +1 short sword of freezing.
The kobold freezes you.
You completely miss the kobold. The kobold barely misses you.
You hit the kobold.
The kobold is moderately wounded.
The kobold hits you with a +1 short sword of freezing.
* * * LOW HITPOINT WARNING * * *
The kobold freezes you.
* * * LOW HITPOINT WARNING * * *
You aren't carrying any items that you can evoke.
Unknown command.
It was a potion of mutation.
You feel extremely strange.
You feel agile.
Your toenails lengthen and sharpen.
The kobold hits you with a +1 short sword of freezing.
You die...

.........### .....
............####.....
..##.................
................#+#####
.......................
#####K.............###
#.#'....##.......# #
#.K##...##.......# #
#_.@#....#.......# #
#########....+.......###
#.._#_..#....#..........
.####+#####..#..##.............##
........'.'#.#.#'..#K.....#......
......###..#####...#.............
......###..........#.............
....#.##................#........
#####.##..........##....#.#+#####


You could see a kobold.

Vanquished Creatures
  A kobold (D:1)
1 creature vanquished.

Notes
Turn   | Place    | Note
-------+----------+-------------------------------------------
     0 | D:1      | Esekla the Deep Elf Necromancer began the quest for the
                  | Orb.
     0 | D:1      | Reached XP level 1. HP: 10/10 MP: 6/6
   246 | D:2      | Found Renulab's Jewellery Shop.
   511 | D:4      | Found a radiant altar of Vehumet.
   522 | D:4      | Found an iron altar of Okawaru.
   533 | D:4      | Found a glowing silver altar of Zin.
   614 | D:4      | Became a worshipper of Vehumet
   621 | D:4      | Gained mutation: You are agile. (Dex +4, Str/Int -1)
                  | [potion of mutation]
   621 | D:4      | Gained mutation: You have sharp toenails. [potion of
                  | mutation]
   621 | D:4      | Slain by a kobold

Illustrated notes

Levels and vault maps discovered:
D:1:      sevenhm_arrival_forest_fort_small_3, layout_rooms,
          chequers_serial_rivers_room_b, minmay_misc_feat_five
D:2:      layout_loops_ring, dreamdust_ecumenical_altar_angels_and_demons,
          serial_shops, shop
D:3:      layout_basic, grunt_temple_overflow_open, minmay_misc_feat_iff
D:4:      layout_basic, nicolae_overflow_quartered_altars, serial_shops,
          nicolae_diamond_shop

Action                     || total
---------------------------++-------
  Melee: Unarmed           ||     9
         Short sword       ||     3
    Use: Scroll            ||     1
         Potion            ||     1
 Armour: Robe              ||     7
  Dodge: Dodged            ||    19
